 Dungeon Crawl Stone Soup version 0.29.1-2-gbd0b4ee654 (webtiles) character file.

Game seed: 10534546323440002074

30 zeram the Trooper (level 3, -2/39 HPs)
             Began as an Ogre Fighter on Nov 2, 2022.
             Slain by Sigmund
             ... wielding a +0 scythe
              (11 damage)
             ... on level 2 of the Dungeon.
             The game lasted 00:03:33 (2070 turns).

zeram the Trooper (Ogre Fighter)                    Turns: 2070, Time: 00:03:33

Health: -2/39      AC:  3    Str: 20    XL:     3   Next: 20%
Magic:  3/3        EV:  8    Int: 11    God:
Gold:   54         SH:  7    Dex:  8    Spells: 2/2 levels left

rFire   . . .      SeeInvis .   a - +0 flail
rCold   . . .      Faith    .   c - +0 kite shield
rNeg    . . .      Spirit   .   b - +0 robe
rPois   .          Reflect  .   (helmet restricted)
rElec   .          Harm     .   (no cloak)
rCorr   .          Rampage  .   (gloves unavailable)
Will    .....                   (boots unavailable)
Stlth   +.........              (no amulet)
HPRegen 0.13/turn               (no ring)
MPRegen 0.08/turn               (no ring)

@: mighty
A: large, unfitting armour, tough skin 1
a: no special abilities


You were on level 2 of the Dungeon.
You visited 1 branch of the dungeon, and saw 2 of its levels.

You collected 54 gold pieces.

Inventory:

Hand Weapons
 a - a +0 flail (weapon)
Armour
 b - a +0 robe (worn)
 c - a +0 kite shield (worn)
Wands
 g - a wand of charming (10)
Scrolls
 f - a scroll of vulnerability
Potions
 e - a potion of flight {unknown}


   Skills:
 - Level 4.0 Fighting
 + Level 2.4 Maces & Flails
 + Level 3.4 Dodging
 - Level 3.0 Shields


You had 2 spell levels left.
You didn't know any spells.
Your spell library contained the following spells:

 Spells                   Type           Power      Damage    Failure   Level
 Ensorcelled Hibernation  Hex/Ice        0%         N/A       77%         2
 Passwall                 Tmut/Erth      0%         N/A       77%         2
 Gell's Gravitas          Tloc           0%         N/A       94%         3
 Swiftness                Air            0%         N/A       94%         3
 Teleport Other           Tloc           0%         N/A       94%         3
 Dispersal                Tloc           0%         N/A       100%        6


Dungeon Overview and Level Annotations

Branches:
Dungeon (2/15)

Altars:

Annotations:
D:2 Sigmund


Innate Abilities, Weirdness & Mutations

You are too large for most types of armour.
You have tough skin. (AC +1)


Message History

a +0 club; a goblin corpse Key pressed, stopping explore.
Found an escape hatch in the floor.
A rat comes into view.
A rat is nearby!
A rat is nearby!
A rat is nearby!
A rat is nearby!
Sigmund the Dreaded comes into view.
He is wielding a +0 scythe.
Sigmund shouts!
You block the rat's attack.
Sigmund casts a spell.
Sigmund flickers and vanishes!
Deactivating autopickup; reactivate with Ctrl-A.
You hit the rat.
You kill the rat!
No target in view!
No target in view!
A puff of flame appears from out of thin air!
You block the puff of flame.
You hear some strange, mumbled words.
You are confused.
You bump into the rock wall.
Something hits you.
You bump into the rock wall.
You hear some strange, mumbled words.
Something tries to affect you, but you resist.
You bump into the rock wall.
Something hits you!
You completely miss something. Something hits you.
You bump into the rock wall.
You feel very mighty all of a sudden.
You hear some strange, mumbled words.
A puff of flame appears from out of thin air!
The puff of flame hits you.
You miss something.
You feel less confused. Something hits you but does no damage.
You miss something. Something hits you!
* * * LOW HITPOINT WARNING * * *
You closely miss something. Something hits you!
You die...

.#####.######.#
#.# #.# #.# #.#
##.# #.# #.# #...
#.# #.# #..# #.#
#.# #..# #.# #.#
#..#### #.# #.#
#.....## #.## #@#
#....... #..#
#{#########>......
##.#
#...........##.###
.######.##
############# #
.........#
#######..# #..#
#.)# #..#


There were no monsters in sight!

Vanquished Creatures
  An endoplasm (D:1)
  2 giant cockroaches (D:1)
  3 goblins
  2 hobgoblins (D:1)
  5 kobolds (D:1)
  A quokka (D:1)
  5 ball pythons (D:1)
  5 bats (D:1)
  3 frilled lizards
  3 rats
30 creatures vanquished.

Notes
Turn   | Place    | Note
-------+----------+-------------------------------------------
     0 | D:1      | zeram the Ogre Fighter began the quest for the Orb.
     0 | D:1      | Reached XP level 1. HP: 24/24 MP: 1/1
   214 | D:1      | Found a faded altar of an unknown god.
   241 | D:1      | Reached XP level 2. HP: 30/32 MP: 2/2
  1298 | D:1      | Reached XP level 3. HP: 39/39 MP: 3/3
  2042 | D:2      | Noticed Sigmund
  2070 | D:2      | Slain by Sigmund

Illustrated notes

Levels and vault maps discovered:
D:1:      minmay_arrival_shattered_statue, layout_loops_corners, serial_rivers,
          chequers_serial_rivers_micro_e, chequers_serial_rivers_room_b,
          chequers_serial_rivers_micro_d, chequers_serial_rivers_micro_b,
          chequers_serial_rivers_marsh, chequers_serial_rivers_micro_a,
          shapermc_ecumenical_altar_flowoftime
D:2:      layout_loops_ring, basic_altar, small_statue_intersection,
          uniq_sigmund

Skill      XL: |  1 |
---------------+----+-----
Dodging        | 3 |  3.4
Maces & Flails | 2 |  2.4
Fighting       | |  4.0
Shields        | |  3.0

Action                   || total
-------------------------++-------
Melee: Flail             ||   163
  Use: Scroll            ||     3
       Potion            ||     1
Armor: Robe              ||    51
Dodge: Dodged            ||    69
Block: Kite shield       ||    64
